[ AOE2 MATCH · #474585288 ]

Unranked

Dravidians vs Celts

📍 Map ? 👥 4v4 ❌ Defeat

[ REPLAY ANALYSIS · EXTRACTED FROM THE RECORDED GAME ]

红颜流年对镜妆 浮生清夜梦未央 Dravidians

Feudal

Castle

Imperial

APM avg1.2
APM peak8
eAPM avg1.2
Villagers / military0 / 0
punctuletzzz1 Celts · 923 ELO

Feudal

Castle

Imperial

APM avg21.7
APM peak37
eAPM avg9.2
Villagers / military30 / 0

Focus

⚔️ 5.5% · 🌾 94.5%

🏅 House waller
Vicryth Armenians · 786 ELO

Feudal

Castle

Imperial

APM avg15.7
APM peak30
eAPM avg8.2
Villagers / military23 / 0

Focus

⚔️ 6.1% · 🌾 93.9%

KOMODOR Cumans · 1100 ELO

Feudal

Castle

Imperial

APM avg17.9
APM peak31
eAPM avg7.8
Villagers / military21 / 0

Focus

⚔️ 6.8% · 🌾 93.2%

matias._torres_ Burmese · 943 ELO

Feudal

Castle

Imperial

APM avg14.5
APM peak52
eAPM avg6.8
Villagers / military18 / 0

Focus

⚔️ 2.9% · 🌾 97.1%

Gripe A Spanish · 971 ELO

Feudal

Castle

Imperial

APM avg31.6
APM peak70
eAPM avg10.6
Villagers / military23 / 0

Focus

⚔️ 0.0% · 🌾 100.0%

KiuTeaIce Franks · 993 ELO

Feudal

Castle

Imperial

APM avg39.6
APM peak64
eAPM avg12.2
Villagers / military17 / 0

Focus

⚔️ 9.5% · 🌾 90.5%

CIA Italians · 1019 ELO

Feudal

Castle

Imperial

APM avg16.3
APM peak37
eAPM avg9.0
Villagers / military19 / 0

Focus

⚔️ 2.0% · 🌾 98.0%

Match map

Initial resources + every placement click. Lines = walls · curves = elevation contours. gold · stone · berries · relic · wall gap

红颜流年对镜妆 浮生清夜梦未央punctuletzzz1VicrythKOMODORmatias._torres_Gripe AKiuTeaIceCIA

Inputs per minute

— 红颜流年对镜妆 浮生清夜梦未央 - - punctuletzzz1

035700m1m2m3m4m5m6m

Build order — 红颜流年对镜妆 浮生清夜梦未央

0 actions detected in the replay

Build order — punctuletzzz1

41 actions detected in the replay

0:04 Create Villager (Male)
0:04 Create Villager (Male)
0:04 Create Villager (Male)
0:05 Build House
0:18 Create Villager (Male)
0:18 Create Villager (Male)
0:18 Create Villager (Male)
0:34 Research Loom
0:35 Research Loom
0:43 Build House
0:45 Build House
0:47 Build House
0:48 Build House
2:04 Create Villager (Male)
2:04 Create Villager (Male)
2:43 Create Villager (Male)
2:43 Create Villager (Male)
3:03 Build House
3:04 Build House
3:22 Create Villager (Male)
3:23 Create Villager (Male)
3:50 Create Villager (Male)
3:50 Create Villager (Male)
4:02 Create Villager (Male)
4:02 Create Villager (Male)
4:03 Create Villager (Male)
4:09 Build Mining Camp
4:40 Build Mining Camp
4:48 Create Villager (Male)
4:49 Create Villager (Male)
5:08 Create Villager (Male)
5:08 Create Villager (Male)
5:08 Create Villager (Male)
5:27 Create Villager (Male)
5:27 Create Villager (Male)
5:27 Create Villager (Male)
5:27 Create Villager (Male)
5:40 Create Villager (Male)
6:11 Create Villager (Male)
6:11 Create Villager (Male)
6:11 Create Villager (Male)

Build order — Vicryth

27 actions detected in the replay

0:04 Build House
0:05 Build House
0:06 Create Villager (Male) ×4
1:19 Research Loom
1:38 Create Villager (Male)
1:38 Create Villager (Male)
1:54 Build Mule Cart
2:09 Create Villager (Male)
2:09 Create Villager (Male)
2:47 Create Villager (Male)
2:47 Create Villager (Male)
3:15 Create Villager (Male)
3:15 Create Villager (Male)
3:36 Create Villager (Male)
3:38 Create Villager (Male)
3:51 Build House
3:52 Build House
3:58 Build Mill
4:05 Create Villager (Male)
4:48 Create Villager (Male)
4:49 Create Villager (Male)
5:26 Create Villager (Male)
5:27 Create Villager (Male)
5:46 Create Villager (Male)
5:46 Create Villager (Male)
6:13 Create Villager (Male)
6:13 Create Villager (Male)

Build order — KOMODOR

29 actions detected in the replay

0:03 Build House
0:05 Build House
0:05 Create Villager (Male)
0:06 Create Villager (Male)
0:06 Create Villager (Male)
0:06 Create Villager (Male)
0:06 Create Villager (Male)
0:07 Research Loom
1:47 Create Villager (Male)
1:47 Create Villager (Male)
2:14 Create Villager (Male)
3:05 Create Villager (Male)
3:05 Create Villager (Male)
3:05 Create Villager (Male)
3:27 Create Villager (Male)
3:28 Create Villager (Male)
3:28 Create Villager (Male)
3:59 Create Villager (Male)
4:00 Create Villager (Male)
4:00 Create Villager (Male)
4:29 Build Lumber Camp
4:55 Build Outpost
4:59 Create Villager (Male)
4:59 Create Villager (Male)
5:17 Build House
5:43 Build Outpost
5:49 Build House
5:51 Create Villager (Male)
5:52 Create Villager (Male)

Build order — matias._torres_

21 actions detected in the replay

0:00 Create Villager (Male)
0:01 Create Villager (Male)
0:04 Build House
0:06 Build House
0:35 Create Villager (Male)
0:35 Create Villager (Male)
0:35 Create Villager (Male)
1:30 Create Villager (Male)
1:30 Create Villager (Male)
2:03 Create Villager (Male)
2:03 Create Villager (Male)
2:03 Create Villager (Male)
2:49 Create Villager (Male)
2:49 Create Villager (Male)
3:11 Create Villager (Male)
3:11 Create Villager (Male)
3:11 Create Villager (Male)
4:38 Create Villager (Male)
4:38 Create Villager (Male)
4:39 Create Villager (Male)
4:47 Build House

Build order — Gripe A

28 actions detected in the replay

0:02 Create Villager (Male)
0:02 Create Villager (Male)
0:03 Create Villager (Male)
0:04 Build House
0:05 Build House
0:06 Create Villager (Male)
0:06 Create Villager (Male)
1:19 Create Villager (Male)
1:20 Create Villager (Male)
1:51 Create Villager (Male)
2:31 Build Lumber Camp
2:33 Build House
2:35 Create Villager (Male)
2:35 Create Villager (Male)
3:01 Create Villager (Male)
3:01 Create Villager (Male)
3:49 Create Villager (Male)
3:49 Create Villager (Male)
3:49 Create Villager (Male)
4:09 Create Villager (Male)
4:10 Create Villager (Male)
5:09 Create Villager (Male)
5:09 Create Villager (Male)
5:10 Create Villager (Male)
5:10 Create Villager (Male)
5:10 Create Villager (Male)
5:42 Build Mill
5:55 Create Villager (Male)

Build order — KiuTeaIce

26 actions detected in the replay

0:02 Build House
0:03 Build House
0:09 Create Villager (Male)
0:09 Create Villager (Male)
0:09 Create Villager (Male)
0:42 Create Villager (Male)
0:42 Create Villager (Male)
1:50 Create Villager (Male)
1:54 Build Lumber Camp
2:02 Build Lumber Camp
2:20 Create Villager (Male)
2:21 Create Villager (Male)
2:35 Create Villager (Male)
3:28 Create Villager (Male)
3:29 Create Villager (Male)
3:29 Create Villager (Male)
3:33 Build House
3:39 Build House
4:12 Create Villager (Male)
4:13 Create Villager (Male)
4:13 Create Villager (Male)
5:24 Research Loom
5:46 Build House
5:54 Create Villager (Male)
5:54 Create Villager (Male)
6:03 Build Mill

Build order — CIA

27 actions detected in the replay

0:03 Build House
0:06 Build House
0:07 Create Villager (Male)
0:07 Create Villager (Male)
0:07 Create Villager (Male)
0:07 Create Villager (Male)
0:07 Create Villager (Male)
0:08 Create Villager (Male)
1:47 Create Villager (Male)
1:54 Build Lumber Camp
2:11 Create Villager (Male)
2:27 Create Villager (Male)
3:00 Create Villager (Male)
3:02 Create Villager (Male)
3:38 Build Mill
3:50 Create Villager (Male)
3:56 Research Loom
4:13 Build House
4:15 Build House
4:25 Create Villager (Male)
5:03 Create Villager (Male)
5:04 Create Villager (Male)
5:22 Create Villager (Male)
5:22 Create Villager (Male)
5:49 Build Mining Camp
6:28 Create Villager (Male)
6:29 Create Villager (Male)
Match timeline
5:26 matias._torres_ · resign

[ AI ANALYSIS · 1 CREDIT ]

What really happened in this match?

Wolo.gg analyzes every decision: build order, eco, micro, common mistakes by bracket. Personalized analysis on WhatsApp or Discord in 30 seconds.

📚

Civ guide

Dravidians

👤

Perfil

Jugador #12127202